 Dungeon Crawl Stone Soup version 0.19.0 (webtiles) character file.

600 Gorglomux the Bolt Thrower (level 7, -1/66 HPs)
             Began as a Deep Dwarf Hunter on Nov 1, 2016.
             Was a Follower of Elyvilon.
             Shot with an arrow by a centaur (11 damage)
             ... on level 5 of the Dungeon.
             The game lasted 00:13:58 (3947 turns).

Gorglomux the Bolt Thrower (Deep Dwarf Hunter)      Turns: 3947, Time: 00:13:59

Health: -1/66      AC:  3    Str: 18    XL:     7   Next: 18%
Magic:  17/17      EV: 12    Int: 11    God:    Elyvilon [*.....]
Gold:   199        SH:  0    Dex: 13    Spells: 0 memorised, 6 levels left

rFire  . . .     SeeInvis .     a - +1 hand crossbow
rCold  . . .     Gourm    .     c - +0 leather armour
rNeg   . . .     Faith    .     (no shield)
rPois  .         Spirit   .     (no helmet)
rElec  .         Reflect  .     (no cloak)
rCorr  .         Harm     .     (no gloves)
MR     +....                    (no boots)
Stlth  +.........               (no amulet)
                                (no ring)
                                C - ring of magical power

@: non-regenerating
A: damage resistance, recharge devices, sense surroundings 1, slow regeneration
3
a: Device Recharging, Lesser Healing, Divine Protection, Renounce Religion


You were on level 5 of the Dungeon.
You worshipped Elyvilon.
Elyvilon was aware of your devotion.
You were hungry.

You visited 2 branches of the dungeon, and saw 6 of its levels.

You collected 199 gold pieces.

Inventory:

Hand Weapons
 a - a +1 hand crossbow (weapon)
 b - a +0 short sword
Missiles
 d - 6 bolts (quivered)
 r - 5 javelins
Armour
 c - a +0 leather armour (worn)
Jewellery
 C - a ring of magical power (left hand)
Wands
 e - a wand of heal wounds (0/9)
 z - a wand of disintegration (15/24)
 A - a wand of paralysis (15/24)
Scrolls
 l - a scroll of enchant armour {unknown}
 m - a scroll of remove curse
 n - 2 scrolls of teleportation
 t - a scroll of amnesia {unknown}
 u - a scroll of enchant weapon {unknown}
 v - a scroll of blinking
Potions
 g - 2 potions of curing {unknown}
 i - 3 potions of degeneration {unknown}
 j - a potion of haste {unknown}
 o - 2 potions of flight {unknown}
 p - a potion of might {unknown}
 s - a potion of agility {unknown}
 w - a potion of magic {unknown}
Books
 x - Xupiobarch's Compendium of Cankerous Conjuration
   (You found it on level 4 of the Dungeon)

   Spells                             Type                      Level
   a - Dazzling Spray                 Conjuration/Hexes            3
   b - Fireball                       Conjuration/Fire             5
   c - Alistair's Intoxication        Transmutation/Poison         5
   d - Delayed Fireball               Conjuration/Fire             7
 y - a book of Cantrips

   Spells                             Type                      Level
   a - Confusing Touch                Hexes                        1
   b - Animate Skeleton               Necromancy                   1
   c - Summon Small Mammal            Summoning                    1
   d - Apportation                    Translocation                1
Comestibles
 f - 6 bread rations
 h - 7 meat rations
 k - a slice of pizza
 q - a royal jelly
 B - a chunk of flesh


   Skills:
 * Level 4.5 Fighting
 * Level 6.7 Crossbows
 - Level 2.3 Armour
 - Level 2.1 Dodging
 - Level 1.2 Stealth
 + Level 1.8 Invocations
 + Level 3.2 Evocations


You had 6 spell levels left.
You didn't know any spells.

Dungeon Overview and Level Annotations

Branches:
Dungeon (5/15)             Temple (1/1) D:4

Altars:
Cheibriados
Dithmenos
Elyvilon
Fedhas
Gozag
Hepliaklqana
Kikubaaqudgha
Makhleb
Okawaru
Qazlal
Ru
Uskayaw
Vehumet
Xom


Innate Abilities, Weirdness & Mutations

You are resistant to damage.
You can recharge devices by infusing magical energy.
You passively map a small area around you.
You do not regenerate.


Message History

You shoot a bolt. The bolt hits the sky beast!
You kill the sky beast!
You have reached level 7!
The centaur shoots an arrow.
The arrow barely misses you.
Firing (i - inventory. (,) - cycle):
d - 8 bolts (quivered)
Press: ? - help, Shift-Dir - straight line, f/p - centaur
Aim: a centaur, wielding a shortbow (severely wounded)
You shoot a bolt. The bolt hits the centaur.
The centaur is almost dead.
The centaur shoots an arrow.
The arrow hits you.
* * * LOW HITPOINT WARNING * * *
The centaur shoots an arrow.
The arrow closely misses you.
Firing (i - inventory. (,) - cycle):
d - 7 bolts (quivered)
Press: ? - help, Shift-Dir - straight line, f/p - centaur
Aim: a centaur, wielding a shortbow (almost dead)
You shoot a bolt.
The bolt hits the centaur but does no damage.
The centaur is almost dead.
The centaur shoots an arrow.
The arrow hits you!
You die...

* .....
* ,
.....#
(.....
.((...#*
(....##
, .c..##
* #(..#
#@(# *
##(# *.#
* .# * ,
* .#* ,
.. * , ,
#. , #
###...
##


You could see a centaur.

Vanquished Creatures
  A sky beast (D:5)
  A phantom (D:5)
  A scorpion (D:2)
  A howler monkey (D:4)
  An orc wizard (D:4)
  3 worker ants
  A hound skeleton (D:4)
  10 adders
  An adder zombie (D:5)
  An adder skeleton (D:4)
  2 worms
  4 dart slugs
  A leopard gecko (D:2)
  15 orcs
  5 giant cockroaches
  11 goblins
  6 hobgoblins
  8 jackals
  7 kobolds
  A quokka (D:4)
  5 ball pythons
  4 bats
  2 frilled lizards (D:2)
  2 leopard gecko skeletons (D:5)
  9 rats
103 creatures vanquished.

Notes
Turn   | Place    | Note
-------+----------+-------------------------------------------
     0 | D:1      | Gorglomux the Deep Dwarf Hunter began the quest for the Orb.
     0 | D:1      | Reached XP level 1. HP: 19/19 MP: 1/1
    71 | D:1      | Reached XP level 2. HP: 21/26 MP: 2/2
   693 | D:1      | Reached skill level 5 in Crossbows
   755 | D:1      | Reached XP level 3. HP: 9/33 MP: 3/3
   928 | D:2      | Found an iron altar of Okawaru.
   961 | D:2      | Reached skill level 1 in Armour
  1154 | D:2      | Reached XP level 4. HP: 9/40 MP: 4/4
  1209 | D:2      | Found a hide-covered altar of Uskayaw.
  1310 | D:2      | Found a sacrificial altar of Ru.
  1370 | D:2      | Found a faded altar of an unknown god.
  1370 | D:2      | Found a faded altar of an unknown god.
  1375 | D:2      | Found a faded altar of an unknown god.
  1377 | D:2      | Found a faded altar of an unknown god.
  1378 | D:2      | Found a hazy altar of Hepliaklqana.
  1452 | D:2      | Found a faded altar of an unknown god.
  1632 | D:2      | Reached skill level 1 in Evocations
  1734 | D:3      | Reached XP level 5. HP: 26/49 MP: 6/6
  2431 | D:4      | Found a staircase to the Ecumenical Temple.
  2440 | Temple   | Entered the Ecumenical Temple
  2653 | Temple   | Became a worshipper of Elyvilon the Healer
  2772 | D:4      | Identified Xupiobarch's Compendium of Cankerous Conjuration
  2897 | D:4      | HP: 2/50 [worker ant (3)]
  2902 | D:4      | Reached skill level 6 in Crossbows
  2902 | D:4      | Reached XP level 6. HP: 20/57 MP: 6/6
  3306 | D:4      | Reached * piety under Elyvilon
  3551 | D:5      | Entered Level 5 of the Dungeon
  3577 | D:5      | Found a white marble altar of Elyvilon.
  3645 | D:5      | Reached skill level 1 in Invocations
  3937 | D:5      | Noticed a sky beast
  3945 | D:5      | Killed a sky beast
  3945 | D:5      | Reached XP level 7. HP: 12/66 MP: 8/8
  3947 | D:5      | Shot with an arrow by a centaur

Skill      XL: |  1  2  3  4  5  6 |
---------------+-------------------+-----
Fighting       | 2 3 4 |  4.5
Crossbows      | 5 6 |  6.7
Armour         | 1 2 |  2.3
Evocations     | 1 2 3 |  3.2
Invocations    | 1 |  1.8
Dodging        | |  2.1
Stealth        | |  1.2

Action                   |  1- 3 |  4- 6 |  7- 9 || total
-------------------------+-------+-------+-------++-------
Melee: Short sword       |   113 |   277 |       ||   390
 Fire: Hand crossbow     |    54 |    81 |     2 ||   137
Throw: Javelin           |       |    15 |       ||    15
Invok: Lesser Healing    |       |     2 |       ||     2
 Abil: Device Recharging |       |     1 |       ||     1
Evoke: Wand              |     1 |     7 |       ||     8
  Use: Scroll            |       |     3 |       ||     3
 Stab: Sleeping          |     1 |     1 |       ||     2
  Eat: Chunk             |     1 |     9 |       ||    10
Armor: Leather armour    |    34 |    59 |       ||    93
Dodge: Dodged            |    88 |   188 |     2 ||   278
